 Dungeon Crawl Stone Soup version 0.29.0-13-gc9e81de378 (webtiles) character file.

Game seed: 2835188194314573433

3 DuloT34 the Grave Robber (level 1, -1/13 HPs)
             Began as a Demonspawn Necromancer on Sept 9, 2022.
             Succumbed to an adder's poison
             ... on level 2 of the Dungeon.
             The game lasted 00:00:55 (107 turns).

DuloT34 the Grave Robber (Demonspawn Necromancer)    Turns: 107, Time: 00:00:55

Health: -1/13      AC:  3    Str:  8    XL:     1   Next: 41%
Magic:  1/3        EV: 12    Int: 16    God:
Gold:   21         SH:  0    Dex: 13    Spells: 3/4 levels left

rFire   . . .      SeeInvis .   e - +0 dagger
rCold   . . .      Faith    .   (no shield)
rNeg    . . .      Spirit   .   a - +0 robe
rPois   .          Reflect  .   (no helmet)
rElec   .          Harm     .   (no cloak)
rCorr   .          Rampage  .   c - +0 pair of gloves
Will    .....                   (no boots)
Stlth   ++........              (no amulet)
HPRegen 0.04/turn               (no ring)
MPRegen 0.08/turn               (no ring)

@: lethally poisoned (-1 -> -7)
A: no striking features
a: no special abilities


You were on level 2 of the Dungeon.
You visited 1 branch of the dungeon, and saw 2 of its levels.

You collected 21 gold pieces.

Inventory:

Hand Weapons
 e - a +0 dagger (weapon)
Missiles
 d - 3 poisoned darts (quivered)
Armour
 a - a +0 robe (worn)
 c - a +0 pair of gloves (worn)
Potions
 b - a potion of magic


   Skills:
 + Level 0.2 Fighting
 + Level 1.8 Dodging
 - Level 1.7 Stealth
 + Level 2.0 Spellcasting
 + Level 4.4 Necromancy


You had 3 spell levels left.
You knew the following spells:

 Your Spells              Type           Power      Damage    Failure   Level
a - Necrotise             Necr           60%        1d7       3%          1

Your spell library contained the following spells:

 Spells                   Type           Power      Damage    Failure   Level
 Vampiric Draining        Necr           15%        2d7       10%         3
 Animate Dead             Necr           15%        N/A       32%         4
 Agony                    Necr           15%        N/A       67%         5


Dungeon Overview and Level Annotations

Branches:
Dungeon (1/15)

Altars:


Message History

You see here a +0 dagger.
e - a +0 dagger The adder bites your goblin skeleton.
Your goblin skeleton misses the adder.
The hobgoblin hits your goblin skeleton.
Your goblin skeleton is destroyed!
The kobold throws a stone.
The stone misses you.
The kobold throws a stone.
The stone misses you.
Casting: Necrotise (safe; 3% risk of failure)
Confirm with . or Enter, or press ? or * to list all spells.
Aiming: Necrotise (safe; 3% risk of failure)
Press: ? - help, Shift-Dir - straight line, f - rat
Aim: a rat (chance to affect: 85%)
The rat writhes in agony.
You kill the rat!
The dead are walking!
e - a +0 dagger (weapon)
Casting: Necrotise (safe; 3% risk of failure)
Confirm with . or Enter, or press ? or * to list all spells.
You don't have enough magic to cast this spell.
The adder bites you.
You are poisoned.
The adder poisons you!
A quokka comes into view.
You barely miss the adder.
You feel sick. The adder bites you.
You are lethally poisoned!
The adder poisons you!
You miss the adder.
You feel very sick. The adder bites you.
You swap places.
* * * LOW HITPOINT WARNING * * *
You feel sick. The adder bites your rat skeleton.
Your rat skeleton misses the adder.
The adder barely misses your rat skeleton.
* * * LOW HITPOINT WARNING * * *
You feel sick.
Your rat skeleton misses the adder.
The adder bites your rat skeleton.
Okay, then.
You aren't carrying any scrolls.
You die...

### ...... ..#
#.###.#..# #.#
#.#....^.# #.#
.........# #.#
.........# #.#
.........# #.#
.........# #@#
........g###.#
........KSZ..#
######.#r#####
#.#.# .....
##.###. #. .#
#. #


There were no monsters in sight!

Vanquished Creatures
  An endoplasm (D:1)
  A goblin (D:2)
  A rat (D:2)
3 creatures vanquished.

Notes
Turn   | Place    | Note
-------+----------+-------------------------------------------
     0 | D:1      | DuloT34 the Demonspawn Necromancer began the quest for the
                  | Orb.
     0 | D:1      | Reached XP level 1. HP: 13/13 MP: 3/3
    84 | D:1      | You fall into a shaft and drop 1 floor!
   107 | D:2      | Succumbed to an adder's poison

Illustrated notes

Levels and vault maps discovered:
D:1:      dpeg_arrival_leaves_temple_mockup, layout_basic,
          shapermc_ecumenical_altar_ellora, serial_shops, shop,
          minmay_misc_feat_five
D:2:      layout_loops_ring, nicolae_grassy_gnolls

Action                   || total
-------------------------++-------
Melee: Dagger            ||     2
 Cast: Necrotise         ||     5
Armor: Robe              ||     1
Dodge: Dodged            ||     2
